NYP
TRI-CITY VALLEYCATS @ HUDSON VALLEY RENEGADES
07/15/2048
 
TOP OF THE 1ST
Tri-City ValleyCats batting - Pitching for Hudson Valley Renegades : LHP Julian Roe
Pitching: LHP Julian Roe
Batting: RHB Ben Sutton 0-0: Called Strike
0-1: Foul Ball, location: 2F
0-2: Ground out 4-3 (Groundball, 34, EV 85.6 MPH)
Batting: RHB Kieron Clark 0-0: Foul Ball, location: 2F
0-1: Foul Ball, location: 2F
0-2: Ball
1-2: Ball
2-2: Strikes out swinging
Batting: LHB Josh Corkery 0-0: Ball
1-0: Foul Ball, location: 2F
1-1: Ball
2-1: Foul Ball, location: 2F
2-2: Ball
3-2: Fly out, F8 (Flyball, 89D, EV 84.4 MPH)
Top of the 1st over - 0 runs, 0 hits, 0 errors, 0 left on base; Tri-City 0 - Hudson Valley 0
BOTTOM OF THE 1ST
Hudson Valley Renegades batting - Pitching for Tri-City ValleyCats : LHP Jason Mitchell
Pitching: LHP Jason Mitchell
Batting: LHB Jonathan Spino 0-0: Called Strike
0-1: SINGLE (Flyball, 9LS, EV 90.6 MPH)
Batting: SHB Josif Popovski 0-0: Ball
Pickoff Throw to First - Out! 1-3 CS
1-0: Foul Ball, location: 2F
1-1: Ball
2-1: Fly out, F9 (Flyball, 89M, EV 82.5 MPH)
Batting: SHB Joshua Jackson 0-0: Ball
1-0: Ball
2-0: Called Strike
2-1: Ball
3-1: Base on Balls
Batting: LHB Rocky Crowley 0-0: Foul Ball, location: 2F
0-1: Foul Ball, location: 2F
0-2: Strikes out swinging
Bottom of the 1st over - 0 runs, 1 hit, 0 errors, 1 left on base; Tri-City 0 - Hudson Valley 0
TOP OF THE 2ND
Tri-City ValleyCats batting - Pitching for Hudson Valley Renegades : LHP Julian Roe
Batting: RHB Andrew Pride 0-0: Ball
1-0: Ball
2-0: Called Strike
2-1: Foul Ball, location: 2F
2-2: Foul Ball, location: 2F
2-2: Ball
3-2: Base on Balls
Batting: RHB Juan Mendoza 0-0: Swinging Strike
0-1: Called Strike
0-2: Ball
1-2: Foul Ball, location: 2F
1-2: Foul Ball, location: 2F
1-2: SINGLE (Line Drive, 89S, EV 100.0 MPH)
Andrew Pride to second
Batting: LHB Jackson Trottier 0-0: Ball
1-0: Ball
2-0: SINGLE (Groundball, 56D, EV 103.1 MPH)
Andrew Pride to third
Juan Mendoza to second
Runner from 3rd tries for Home, SAFE, throw by LF to home
Batting: RHB Steve Moore 0-0: Ball
1-0: Swinging Strike
1-1: Ball
2-1: Ball
3-1: Grounds into double play, 6-4-3 (Groundball, 6, EV 85.6 MPH)
Juan Mendoza to third
Batting: RHB Omar Amaya 0-0: Ball
1-0: Called Strike
1-1: Called Strike
1-2: Hit by Pitch
Batting: RHB Ray Souza 0-0: Reached on error, E6 (Groundball, 6, EV 106.2 MPH)
Juan Mendoza scores
Omar Amaya to second
Batting: RHB Ben Sutton 0-0: Fielders Choice at 2nd, 5-4 (Groundball, 56, EV 101.2 MPH)
Top of the 2nd over - 2 runs, 2 hits, 1 error, 2 left on base; Tri-City 2 - Hudson Valley 0
BOTTOM OF THE 2ND
Hudson Valley Renegades batting - Pitching for Tri-City ValleyCats : LHP Jason Mitchell
Batting: RHB Joe Hartigan 0-0: Ball
1-0: Foul Ball, location: 2F
1-1: Ball
2-1: Foul Ball, location: 2F
2-2: Foul Ball, location: 2F
2-2: Ball
3-2: Foul Ball, location: 2F
3-2: DOUBLE (Flyball, 8RXD, EV 104.4 MPH)
Batting: RHB Mark Richert 0-0: Ball
1-0: Foul Ball, location: 2F
1-1: SINGLE (Groundball, 34D, EV 95.6 MPH)
Joe Hartigan to third
Batting: LHB Dan Hunt 0-0: Called Strike
0-1: Foul Ball, location: 2F
0-2: Foul Ball, location: 2F
0-2: Ball
1-2: Fly out, F7 (Flyball, 7, EV 94.4 MPH)
Batting: LHB Alex Genao 0-0: Ball
1-0: Fly out, F8 (Flyball, 8LXD, EV 79.4 MPH)
Runner from 3rd tags up, SCORES, no throw by CF
Batting: RHB Jesus Carrillo 0-0: Called Strike
0-1: Ball
1-1: Foul Ball, location: 2F
1-2: Ball
2-2: Ball
3-2: Strikes out looking
Bottom of the 2nd over - 1 run, 2 hits, 0 errors, 1 left on base; Tri-City 2 - Hudson Valley 1
TOP OF THE 3RD
Tri-City ValleyCats batting - Pitching for Hudson Valley Renegades : LHP Julian Roe
Batting: RHB Kieron Clark 0-0: SINGLE (Line Drive, 6D, EV 109.4 MPH)
Batting: LHB Josh Corkery 0-0: Ball
Wild Pitch!
Kieron Clark to second
1-0: Ball
2-0: Foul Ball, location: 2F
2-1: Ball
3-1: Foul Ball, location: 2F
3-2: Foul Ball, location: 2F
3-2: Foul Ball, location: 2F
3-2: Ground out 4-3 (Groundball, 4, EV 89.4 MPH)
Kieron Clark to third
Batting: RHB Andrew Pride 0-0: Called Strike
0-1: Fly out, F7 (Flyball, 7D, EV 88.1 MPH)
Runner from 3rd tags up, SCORES, throw by LF
Batting: RHB Juan Mendoza 0-0: Called Strike
0-1: Called Strike
0-2: Strikes out swinging
Top of the 3rd over - 1 run, 1 hit, 0 errors, 0 left on base; Tri-City 3 - Hudson Valley 1
BOTTOM OF THE 3RD
Hudson Valley Renegades batting - Pitching for Tri-City ValleyCats : LHP Jason Mitchell
Batting: LHB Jonathan Spino 0-0: Ball
1-0: Called Strike
1-1: Ground out 6-3 (Groundball, 6, EV 86.2 MPH)
Batting: SHB Josif Popovski 0-0: Foul Ball, location: 2F
0-1: Ball
1-1: Ground out 6-3 (Groundball, 4M, EV 108.1 MPH)
Batting: SHB Joshua Jackson 0-0: Foul Ball, location: 2F
0-1: Ball
1-1: Ball
2-1: SOLO HOME RUN (Flyball, 9D, EV 96.2 MPH), Distance : 385 ft
Batting: LHB Rocky Crowley 0-0: Ball
1-0: Foul Ball, location: 2F
1-1: Ball
2-1: Ball
3-1: Foul Ball, location: 2F
3-2: Fly out, F9 (Flyball, 9S, EV 96.2 MPH)
Bottom of the 3rd over - 1 run, 1 hit, 0 errors, 0 left on base; Tri-City 3 - Hudson Valley 2
TOP OF THE 4TH
Tri-City ValleyCats batting - Pitching for Hudson Valley Renegades : LHP Julian Roe
Batting: LHB Jackson Trottier 0-0: Foul Ball, location: 2F
0-1: Called Strike
0-2: Ball
1-2: Strikes out swinging
Batting: RHB Steve Moore 0-0: Swinging Strike
0-1: Foul Ball, location: 2F
0-2: Ball
1-2: Strikes out swinging
Batting: RHB Omar Amaya 0-0: SINGLE (Line Drive, 89S, EV 90.0 MPH)
Batting: RHB Ray Souza 0-0: Called Strike
0-1: Called Strike
0-2: Fly out, F8 (Line Drive, 78D, EV 95.6 MPH)
Top of the 4th over - 0 runs, 1 hit, 0 errors, 1 left on base; Tri-City 3 - Hudson Valley 2
BOTTOM OF THE 4TH
Hudson Valley Renegades batting - Pitching for Tri-City ValleyCats : LHP Jason Mitchell
Batting: RHB Joe Hartigan 0-0: Ball
1-0: Foul Ball, location: 2F
1-1: Swinging Strike
1-2: Ball
2-2: Strikes out swinging
Batting: RHB Mark Richert 0-0: Ball
1-0: Ball
2-0: Foul Ball, location: 2F
2-1: Swinging Strike
2-2: Foul Ball, location: 2F
2-2: Strikes out looking
Batting: LHB Dan Hunt 0-0: Foul Ball, location: 2F
0-1: Ball
1-1: Swinging Strike
1-2: Strikes out swinging
Bottom of the 4th over - 0 runs, 0 hits, 0 errors, 0 left on base; Tri-City 3 - Hudson Valley 2
TOP OF THE 5TH
Tri-City ValleyCats batting - Pitching for Hudson Valley Renegades : LHP Julian Roe
Batting: RHB Ben Sutton 0-0: Called Strike
0-1: Ball
1-1: Ball
2-1: Ground out 6-3 (Groundball, 6, EV 91.9 MPH)
Batting: RHB Kieron Clark 0-0: Ground out 1-3 (Groundball, 15S, EV 66.2 MPH)
Batting: LHB Josh Corkery 0-0: Swinging Strike
0-1: Foul Ball, location: 2F
0-2: Ball
1-2: Strikes out swinging
Top of the 5th over - 0 runs, 0 hits, 0 errors, 0 left on base; Tri-City 3 - Hudson Valley 2
BOTTOM OF THE 5TH
Hudson Valley Renegades batting - Pitching for Tri-City ValleyCats : LHP Jason Mitchell
Batting: LHB Alex Genao 0-0: Ball
1-0: Ball
2-0: Swinging Strike
2-1: Ground out 4-3 (Groundball, 4, EV 85.6 MPH)
Batting: RHB Jesus Carrillo 0-0: Called Strike
0-1: Called Strike
0-2: Ball
1-2: Strikes out looking
Batting: LHB Jonathan Spino 0-0: Ball
1-0: Ball
2-0: Ball
3-0: SOLO HOME RUN (Flyball, 9LD, EV 96.9 MPH), Distance : 356 ft
Batting: SHB Josif Popovski 0-0: Foul Ball, location: 2F
0-1: Ground out 4-3 (Groundball, 4, EV 85.6 MPH)
Bottom of the 5th over - 1 run, 1 hit, 0 errors, 0 left on base; Tri-City 3 - Hudson Valley 3
TOP OF THE 6TH
Tri-City ValleyCats batting - Pitching for Hudson Valley Renegades : LHP Julian Roe
Batting: RHB Andrew Pride 0-0: Fly out, F8 (Flyball, 8RD, EV 92.5 MPH)
Batting: RHB Juan Mendoza 0-0: Swinging Strike
0-1: Foul Ball, location: 2F
0-2: Ball
1-2: Ball
2-2: Ball
3-2: SINGLE (Groundball, 56D, EV 104.4 MPH)
Pitching: RHP Ryan Kurilla
Batting: LHB Jackson Trottier 0-0: Ball
1-0: Called Strike
1-1: Fly out, F9 (Flyball, 89S, EV 95.0 MPH)
Batting: RHB Steve Moore 0-0: Ball
1-0: Called Strike
1-1: Ball
2-1: Foul Ball, location: 2F
2-2: Fly out, F8 (Flyball, 8RD, EV 100.0 MPH)
Top of the 6th over - 0 runs, 1 hit, 0 errors, 1 left on base; Tri-City 3 - Hudson Valley 3
BOTTOM OF THE 6TH
Hudson Valley Renegades batting - Pitching for Tri-City ValleyCats : LHP Jason Mitchell
Batting: SHB Joshua Jackson 0-0: Swinging Strike
0-1: Called Strike
0-2: Foul Ball, location: 2F
0-2: Ball
1-2: Fly out, F7 (Flyball, 78M, EV 80.6 MPH)
Batting: LHB Rocky Crowley 0-0: Swinging Strike
0-1: Ball
1-1: SINGLE (Line Drive, 7S, EV 93.8 MPH)
Batting: RHB Joe Hartigan Pickoff Throw to First - Error! E1
Rocky Crowley to second
0-0: Ground out 4-3 (Groundball, 4, EV 84.4 MPH)
Rocky Crowley to third
Batting: RHB Mark Richert 0-0: Ground out 4-3 (Groundball, 34, EV 101.2 MPH)
Bottom of the 6th over - 0 runs, 1 hit, 1 error, 1 left on base; Tri-City 3 - Hudson Valley 3
TOP OF THE 7TH
Tri-City ValleyCats batting - Pitching for Hudson Valley Renegades : RHP Ryan Kurilla
Batting: RHB Omar Amaya 0-0: Ball
1-0: Ball
2-0: Called Strike
2-1: Ground out 6-3 (Groundball, 6, EV 80.0 MPH)
Batting: RHB Ray Souza 0-0: Called Strike
0-1: Ball
1-1: Called Strike
1-2: Ball
2-2: Ground out 1-3 (Groundball, 25, EV 65.0 MPH)
Batting: RHB Ben Sutton 0-0: Called Strike
0-1: Swinging Strike
0-2: Ball
1-2: Foul Ball, location: 2F
1-2: Ball
2-2: Ground out 1-3 (Groundball, P, EV 63.1 MPH)
Top of the 7th over - 0 runs, 0 hits, 0 errors, 0 left on base; Tri-City 3 - Hudson Valley 3
BOTTOM OF THE 7TH
Hudson Valley Renegades batting - Pitching for Tri-City ValleyCats : LHP Jason Mitchell
Pinch Hitting: SHB Chris Lockart 0-0: Ball
1-0: Called Strike
1-1: Ball
2-1: Foul Ball, location: 2F
2-2: SINGLE (Groundball, 34D, EV 107.5 MPH)
Pitching: RHP Addick Huiberts
Batting: LHB Alex Genao 0-0: Bunt missed!
0-1: Bunted foul
0-2: Ball
1-2: Ball
2-2: Fielders Choice at 2nd, 4-6 (Groundball, 4, EV 81.2 MPH)
Pinch Hitting: RHB Jon Gonzales 0-0: Called Strike
0-1: Ball
1-1: Called Strike
1-2: Foul Ball, location: 2F
Pickoff Throw to First - Out! 1-3
1-2: Foul Ball, location: 2F
1-2: Ball
2-2: Foul Ball, location: 2F
2-2: Ground out 3-1 (Groundball, 34, EV 91.9 MPH)
Bottom of the 7th over - 0 runs, 1 hit, 0 errors, 0 left on base; Tri-City 3 - Hudson Valley 3
TOP OF THE 8TH
Tri-City ValleyCats batting - Pitching for Hudson Valley Renegades : RHP Ryan Kurilla
Now at 3B: Evan Chalarian
Now in LF: Rocky Crowley
Now in CF: Jonathan Spino
Now in RF: Chris Lockart
Batting: RHB Kieron Clark 0-0: Ball
1-0: Foul Ball, location: 2F
1-1: SINGLE (Line Drive, 34, EV 95.6 MPH)
Batting: LHB Josh Corkery 0-0: Fielders Choice at 2nd, 3-6 (Groundball, 3, EV 80.0 MPH)
Batting: RHB Andrew Pride 0-0: Ball
1-0: Ball
Josh Corkery steals 2nd, throwing error, E2
Josh Corkery to third
2-0: Swinging Strike
2-1: Foul Ball, location: 2F
2-2: Foul Ball, location: 2F
2-2: Strikes out swinging
Pitching: RHP Joe Green
Batting: RHB Juan Mendoza 0-0: Ball
1-0: Called Strike
1-1: Foul Ball, location: 2F
1-2: Strikes out swinging
Top of the 8th over - 0 runs, 1 hit, 1 error, 1 left on base; Tri-City 3 - Hudson Valley 3
BOTTOM OF THE 8TH
Hudson Valley Renegades batting - Pitching for Tri-City ValleyCats : RHP Addick Huiberts
Batting: LHB Jonathan Spino 0-0: Foul Ball, location: 2F
0-1: Ball
1-1: Swinging Strike
1-2: Strikes out swinging
Batting: SHB Josif Popovski 0-0: Called Strike
0-1: Ball
1-1: Called Strike
1-2: SINGLE (Groundball, 56D, EV 99.4 MPH)
Batting: SHB Joshua Jackson 0-0: Ball
1-0: Called Strike
1-1: Ball
2-1: Called Strike
Josif Popovski is caught stealing 2nd base 2-6
2-2: Ball
3-2: Fly out, F9 (Flyball, 9LMF, EV 79.4 MPH)
Bottom of the 8th over - 0 runs, 1 hit, 0 errors, 0 left on base; Tri-City 3 - Hudson Valley 3
TOP OF THE 9TH
Tri-City ValleyCats batting - Pitching for Hudson Valley Renegades : RHP Joe Green
Batting: LHB Jackson Trottier 0-0: Ground out 6-3 (Groundball, 56, EV 102.5 MPH)
Batting: RHB Steve Moore 0-0: Ball
1-0: Swinging Strike
1-1: Ball
2-1: Swinging Strike
2-2: Strikes out swinging
Batting: RHB Omar Amaya 0-0: Ball
1-0: Ball
2-0: Foul Ball, location: 2F
2-1: Swinging Strike
2-2: Foul Ball, location: 2F
2-2: Strikes out swinging
Top of the 9th over - 0 runs, 0 hits, 0 errors, 0 left on base; Tri-City 3 - Hudson Valley 3
BOTTOM OF THE 9TH
Hudson Valley Renegades batting - Pitching for Tri-City ValleyCats : RHP Addick Huiberts
Pitching: RHP Robin Yelland
Batting: LHB Rocky Crowley 0-0: Ball
1-0: Called Strike
1-1: Ball
2-1: Foul Ball, location: 2F
2-2: Ball
3-2: Foul Ball, location: 2F
3-2: Foul Ball, location: 2F
3-2: Strikes out swinging wild pitch, reaches first!
Batting: RHB Joe Hartigan 0-0: Called Strike
0-1: Fly out, F9 (Flyball, 9, EV 91.2 MPH)
Pinch Hitting: LHB Helmut Steggall 0-0: Foul Ball, location: 2F
0-1: Foul Ball, location: 2F
0-2: Strikes out swinging
Batting: SHB Chris Lockart 0-0: Called Strike
0-1: Called Strike
0-2: Ball
1-2: Strikes out looking
Bottom of the 9th over - 0 runs, 0 hits, 0 errors, 1 left on base; Tri-City 3 - Hudson Valley 3
TOP OF THE 10TH
Tri-City ValleyCats batting - Pitching for Hudson Valley Renegades : RHP Joe Green
Now at C: Helmut Steggall
Now at 1B: Alex Genao
Pinch Hitting: LHB Tomas de Zeeuw 0-0: Ball
1-0: Ground out 6-3 (Groundball, 56, EV 78.8 MPH)
Batting: RHB Ben Sutton 0-0: Ball
1-0: DOUBLE (Flyball, 8RXD, EV 92.5 MPH)
Batting: RHB Kieron Clark 0-0: Ball
1-0: Swinging Strike
1-1: Ground out 6-3 (Groundball, 56D, EV 83.1 MPH)
Batting: LHB Josh Corkery 0-0: Intentional Walk
Batting: RHB Andrew Pride 0-0: Fly out, F9 (Flyball, 9LS, EV 91.2 MPH)
Top of the 10th over - 0 runs, 1 hit, 0 errors, 2 left on base; Tri-City 3 - Hudson Valley 3
BOTTOM OF THE 10TH
Hudson Valley Renegades batting - Pitching for Tri-City ValleyCats : RHP Robin Yelland
Now at C: Yoshitoshi Mori
Batting: LHB Alex Genao 0-0: Ground out 4-3 (Groundball, 4, EV 81.9 MPH)
Pinch Hitting: LHB Jimmy Detrie 0-0: Swinging Strike
0-1: Fly out, F7 (Flyball, 78S, EV 87.5 MPH)
Batting: LHB Jonathan Spino 0-0: Called Strike
0-1: Called Strike
0-2: Strikes out swinging
Bottom of the 10th over - 0 runs, 0 hits, 0 errors, 0 left on base; Tri-City 3 - Hudson Valley 3
TOP OF THE 11TH
Tri-City ValleyCats batting - Pitching for Hudson Valley Renegades : RHP Joe Green
Now at 3B: Devin Brown
Batting: RHB Juan Mendoza 0-0: Called Strike
0-1: Foul Ball, location: 2F
0-2: Ball
1-2: Foul Ball, location: 2F
1-2: Ground out 6-3 (Groundball, 6, EV 103.1 MPH)
Batting: LHB Jackson Trottier 0-0: Ball
1-0: Fly out, F3 (Line Drive, 3L, EV 71.2 MPH)
Batting: RHB Steve Moore 0-0: Foul Ball, location: 2F
0-1: Foul Ball, location: 2F
0-2: Ground out 6-3 (Groundball, 6, EV 103.8 MPH)
Top of the 11th over - 0 runs, 0 hits, 0 errors, 0 left on base; Tri-City 3 - Hudson Valley 3
BOTTOM OF THE 11TH
Hudson Valley Renegades batting - Pitching for Tri-City ValleyCats : RHP Robin Yelland
Batting: SHB Josif Popovski 0-0: Ball
1-0: Ball
2-0: Called Strike
2-1: Ground out 4-3 (Groundball, 4, EV 86.2 MPH)
Pitching: LHP Kimmo-Mikka Koistinen
Batting: SHB Joshua Jackson 0-0: Ball
1-0: SINGLE (Line Drive, 78S, EV 93.8 MPH)
Batting: LHB Rocky Crowley 0-0: Foul Ball, location: 2F
0-1: Ball
1-1: Ball
2-1: Ball
3-1: Grounds into double play, 3-6-3 (Groundball, 3D, EV 105.6 MPH)
Bottom of the 11th over - 0 runs, 1 hit, 0 errors, 0 left on base; Tri-City 3 - Hudson Valley 3
TOP OF THE 12TH
Tri-City ValleyCats batting - Pitching for Hudson Valley Renegades : RHP Joe Green
Pitching: RHP David Hearn
Batting: RHB Omar Amaya 0-0: Called Strike
0-1: Swinging Strike
0-2: Ground out 1-3 (Groundball, 13S, EV 64.4 MPH)
Batting: RHB Yoshitoshi Mori 0-0: Called Strike
0-1: Ball
1-1: SINGLE (Popup, 6MD, EV 70.6 MPH)
Batting: RHB Ben Sutton 0-0: Ball
1-0: Called Strike
1-1: Foul Ball, location: 2F
1-2: Fly out, F9 (Flyball, 9D, EV 95.6 MPH)
Batting: RHB Kieron Clark 0-0: Hit by Pitch
Yoshitoshi Mori to second
Batting: LHB Josh Corkery 0-0: Ball
1-0: Foul Ball, location: 2F
1-1: Foul Ball, location: 2F
1-2: Ball
2-2: Foul Ball, location: 2F
2-2: Ball
3-2: Foul Ball, location: 2F
3-2: Base on Balls
Yoshitoshi Mori to third
Kieron Clark to second
Batting: RHB Andrew Pride 0-0: DOUBLE (Flyball, 7D, EV 84.4 MPH)
Yoshitoshi Mori scores
Kieron Clark scores
Josh Corkery to third
Runner from 3rd tries for Home, SAFE, throw by LF to home
Pitching: RHP Chris Bullerman
Batting: RHB Juan Mendoza 0-0: Ball
1-0: Ball
2-0: Ball
3-0: Called Strike
3-1: Swinging Strike
3-2: Strikes out looking
Top of the 12th over - 3 runs, 2 hits, 0 errors, 1 left on base; Tri-City 6 - Hudson Valley 3
BOTTOM OF THE 12TH
Hudson Valley Renegades batting - Pitching for Tri-City ValleyCats : LHP Kimmo-Mikka Koistinen
Batting: RHB Joe Hartigan 0-0: Foul Ball, location: 2F
0-1: Swinging Strike
0-2: Foul Ball, location: 2F
0-2: Ball
1-2: Fly out, F8 (Flyball, 8RD, EV 102.5 MPH)
Pinch Hitting: RHB Alex Koral 0-0: Ball
1-0: Ball
2-0: Called Strike
2-1: Ball
3-1: Ground out 6-3 (Groundball, 6, EV 78.8 MPH)
Batting: SHB Chris Lockart 0-0: Swinging Strike
0-1: Foul Ball, location: 2F
0-2: Strikes out swinging
Bottom of the 12th over - 0 runs, 0 hits, 0 errors, 0 left on base; Tri-City 6 - Hudson Valley 3
Tuesday, March 28th , 2023 - OOTP Baseball 23.10 Build 110